DBL
FLORIDA MARLINS @ KANSAS CITY ROYALS
05/24/1997
 
TOP OF THE 1ST
Florida Marlins batting - Pitching for Kansas City Royals : RHP Steve Woodard
Pitching: RHP Steve Woodard
Batting: LHB Craig Counsell 0-0: Ball
1-0: Called Strike
1-1: Ball
2-1: Ball
3-1: Base on Balls
Batting: RHB Charles Johnson 0-0: Foul Ball, location: 2F
0-1: Ball
1-1: Ball
2-1: Called Strike
2-2: Ball
3-2: Strikes out swinging
Craig Counsell steals 2nd base
Batter strikes out.
Batting: RHB Richie Sexson 0-0: Called Strike
0-1: Ball
1-1: Ball
2-1: 2-RUN HOME RUN (Flyball, 89XD, EV 97.5 MPH), Distance : 407 ft
Batting: RHB Juan Encarnacion 0-0: Ground out 1-3 (Groundball, 13S, EV 63.1 MPH)
Batting: RHB Rondell White 0-0: Swinging Strike
0-1: Called Strike
0-2: Ball
1-2: Ball
2-2: Ball
3-2: Strikes out swinging
Top of the 1st over - 2 runs, 1 hit, 0 errors, 0 left on base; Florida 2 - Kansas City 0
BOTTOM OF THE 1ST
Kansas City Royals batting - Pitching for Florida Marlins : LHP Wilson Alvarez
Pitching: LHP Wilson Alvarez
Batting: RHB Reggie L. Sanders 0-0: Ball
1-0: Ball
2-0: Ball
3-0: Called Strike
3-1: Foul Ball, location: 2F
3-2: Foul Ball, location: 2F
3-2: Base on Balls
Batting: SHB Quilvio Veras 0-0: Ball
1-0: SINGLE (Groundball, 6D, EV 99.4 MPH)
Reggie L. Sanders to second
Batting: RHB Barry Larkin 0-0: Called Strike
0-1: Called Strike
0-2: Strikes out swinging
Batting: LHB Jim Thome 0-0: Ball
1-0: Foul Ball, location: 2F
1-1: Foul Ball, location: 2F
1-2: Strikes out swinging
Batting: RHB Richard Hidalgo 0-0: Hit by Pitch
Reggie L. Sanders to third
Quilvio Veras to second
Batting: RHB Randy Milligan 0-0: Foul Ball, location: 2F
0-1: Fly out, F4 (Popup, 4M, EV 53.1 MPH)
Bottom of the 1st over - 0 runs, 1 hit, 0 errors, 3 left on base; Florida 2 - Kansas City 0
TOP OF THE 2ND
Florida Marlins batting - Pitching for Kansas City Royals : RHP Steve Woodard
Batting: SHB Bobby Bonilla 0-0: Foul Ball, location: 2F
0-1: Ball
1-1: Ground out 6-3 (Groundball, 56, EV 105.6 MPH)
Batting: RHB Edgardo Alfonzo 0-0: Ball
1-0: Called Strike
1-1: Ball
2-1: Ball
3-1: Ground out 5-3 (Groundball, 5, EV 88.1 MPH)
Batting: RHB Tony Barron 0-0: Ground out 3-1 (Groundball, 34S, EV 88.8 MPH)
Top of the 2nd over - 0 runs, 0 hits, 0 errors, 0 left on base; Florida 2 - Kansas City 0
BOTTOM OF THE 2ND
Kansas City Royals batting - Pitching for Florida Marlins : LHP Wilson Alvarez
Batting: RHB Tony Eusebio 0-0: Ball
1-0: Ball
2-0: Ball
3-0: Called Strike
3-1: Foul Ball, location: 2F
3-2: SINGLE (Groundball, 56D, EV 109.4 MPH)
Batting: RHB Andruw Jones 0-0: Fielders Choice at 2nd, 4-6 (Groundball, 34, EV 103.8 MPH)
Batting: RHB Tim Naehring 0-0: Ball
1-0: Called Strike
1-1: Ball
2-1: Called Strike
2-2: Grounds into double play, 5-4-3 (Groundball, 56S, EV 92.5 MPH)
Bottom of the 2nd over - 0 runs, 1 hit, 0 errors, 0 left on base; Florida 2 - Kansas City 0
TOP OF THE 3RD
Florida Marlins batting - Pitching for Kansas City Royals : RHP Steve Woodard
Batting: SHB Luis Castillo 0-0: Ground out 6-3 (Groundball, 4M, EV 108.1 MPH)
Batting: LHB Craig Counsell 0-0: Ball
1-0: Swinging Strike
1-1: Foul Ball, location: 2F
1-2: Strikes out looking
Batting: RHB Charles Johnson 0-0: Ball
1-0: Swinging Strike
1-1: Called Strike
1-2: Ball
2-2: DOUBLE (Flyball, 78XD, EV 106.9 MPH)
Batting: RHB Richie Sexson 0-0: 2-RUN HOME RUN (Flyball, 8LXD, EV 95.0 MPH), Distance : 427 ft
Batting: RHB Juan Encarnacion 0-0: Ball
1-0: Ball
2-0: Called Strike
2-1: Ball
3-1: Base on Balls
Batting: RHB Rondell White 0-0: Swinging Strike
0-1: Ball
1-1: Foul Ball, location: 2F
1-2: Ball
Passed Ball!
Juan Encarnacion to second
2-2: Strikes out looking
Top of the 3rd over - 2 runs, 2 hits, 0 errors, 1 left on base; Florida 4 - Kansas City 0
BOTTOM OF THE 3RD
Kansas City Royals batting - Pitching for Florida Marlins : LHP Wilson Alvarez
Batting: RHB Reggie L. Sanders 0-0: Ball
1-0: Called Strike
1-1: Ball
2-1: Foul Ball, location: 2F
2-2: Foul Ball, location: 2F
2-2: Foul Ball, location: 2F
2-2: Ball
3-2: Ground out 6-3 (Groundball, 6, EV 78.8 MPH)
Batting: SHB Quilvio Veras 0-0: Ball
1-0: Ball
2-0: Ground out 1-3 (Groundball, P, EV 91.3 MPH)
Batting: RHB Barry Larkin 0-0: Ball
1-0: Fly out, F9 (Line Drive, 9, EV 102.5 MPH)
Bottom of the 3rd over - 0 runs, 0 hits, 0 errors, 0 left on base; Florida 4 - Kansas City 0
TOP OF THE 4TH
Florida Marlins batting - Pitching for Kansas City Royals : RHP Steve Woodard
Batting: SHB Bobby Bonilla 0-0: Called Strike
0-1: Foul Ball, location: 2F
0-2: Ground out 3-1 (Groundball, 34, EV 79.4 MPH)
Batting: RHB Edgardo Alfonzo 0-0: SOLO HOME RUN (Line Drive, 7LD, EV 106.3 MPH), Distance : 342 ft
Batting: RHB Tony Barron 0-0: Ball
1-0: Fly out, F4 (Popup, 34S, EV 73.8 MPH)
Batting: SHB Luis Castillo 0-0: Called Strike
0-1: Swinging Strike
0-2: Ground out 4-3 (Groundball, 4, EV 103.1 MPH)
Top of the 4th over - 1 run, 1 hit, 0 errors, 0 left on base; Florida 5 - Kansas City 0
BOTTOM OF THE 4TH
Kansas City Royals batting - Pitching for Florida Marlins : LHP Wilson Alvarez
Batting: LHB Jim Thome 0-0: Foul Ball, location: 2F
0-1: Ball
1-1: Foul Ball, location: 2F
1-2: Strikes out swinging
Batting: RHB Richard Hidalgo 0-0: Ball
1-0: Foul Ball, location: 2F
1-1: Fly out, F8 (Line Drive, 8LM, EV 95.6 MPH)
Batting: RHB Randy Milligan 0-0: Ball
1-0: Swinging Strike
1-1: Foul Ball, location: 2F
1-2: Ball
2-2: Fly out, F8 (Line Drive, 8RD, EV 105.0 MPH)
Bottom of the 4th over - 0 runs, 0 hits, 0 errors, 0 left on base; Florida 5 - Kansas City 0
TOP OF THE 5TH
Florida Marlins batting - Pitching for Kansas City Royals : RHP Steve Woodard
Batting: LHB Craig Counsell 0-0: Foul Ball, location: 2F
0-1: Ball
1-1: Ball
2-1: Fly out, F3 (Line Drive, 3, EV 73.1 MPH)
Batting: RHB Charles Johnson 0-0: Called Strike
0-1: Foul Ball, location: 2F
0-2: Fly out, F9 (Flyball, 9, EV 88.8 MPH)
Batting: RHB Richie Sexson 0-0: Called Strike
0-1: Foul Ball, location: 2F
0-2: Foul Ball, location: 2F
0-2: Foul Ball, location: 2F
0-2: Ball
1-2: Ball
2-2: Ball
3-2: Base on Balls
Batting: RHB Juan Encarnacion 0-0: Fly out, F9 (Flyball, 9, EV 91.9 MPH)
Top of the 5th over - 0 runs, 0 hits, 0 errors, 1 left on base; Florida 5 - Kansas City 0
BOTTOM OF THE 5TH
Kansas City Royals batting - Pitching for Florida Marlins : LHP Wilson Alvarez
Batting: RHB Tony Eusebio 0-0: Called Strike
0-1: Foul Ball, location: 2F
0-2: Foul Ball, location: 2F
0-2: Strikes out looking
Batting: RHB Andruw Jones 0-0: Called Strike
0-1: Ball
1-1: Called Strike
1-2: Strikes out swinging
Batting: RHB Tim Naehring 0-0: Ground out 4-3 (Groundball, 4S, EV 68.8 MPH)
Bottom of the 5th over - 0 runs, 0 hits, 0 errors, 0 left on base; Florida 5 - Kansas City 0
TOP OF THE 6TH
Florida Marlins batting - Pitching for Kansas City Royals : RHP Steve Woodard
Batting: RHB Rondell White 0-0: Foul Ball, location: 2F
0-1: Swinging Strike
0-2: Foul Ball, location: 2F
0-2: Ball
1-2: Ball
2-2: Strikes out swinging
Batting: SHB Bobby Bonilla 0-0: Ball
1-0: Ball
2-0: Called Strike
2-1: Ball
3-1: Foul Ball, location: 2F
3-2: Ground out 6-3 (Groundball, 6M, EV 90.6 MPH)
Batting: RHB Edgardo Alfonzo 0-0: Called Strike
0-1: Ball
1-1: Ground out 6-3 (Groundball, 6, EV 90.0 MPH)
Top of the 6th over - 0 runs, 0 hits, 0 errors, 0 left on base; Florida 5 - Kansas City 0
BOTTOM OF THE 6TH
Kansas City Royals batting - Pitching for Florida Marlins : LHP Wilson Alvarez
Batting: RHB Reggie L. Sanders 0-0: Ball
1-0: Ball
2-0: Called Strike
2-1: Ball
3-1: Base on Balls
Batting: SHB Quilvio Veras 0-0: Foul Ball, location: 2F
0-1: Ball
1-1: Ball
2-1: SINGLE (Groundball, 6MD, EV 98.1 MPH)
Reggie L. Sanders to second
Runner from 2nd tries for 3rd, SAFE, throw by CF made to third
Batting: RHB Barry Larkin 0-0: Ball
1-0: Called Strike
1-1: Called Strike
1-2: DOUBLE (Line Drive, 9LM, EV 111.3 MPH)
Reggie L. Sanders scores
Quilvio Veras to third
Runner from 3rd tries for Home, SAFE, no throw by RF
Batting: LHB Jim Thome 0-0: Foul Ball, location: 2F
0-1: Fly out, F5 (Popup, 5SF, EV 85.0 MPH)
Batting: RHB Richard Hidalgo 0-0: SINGLE (Line Drive, 8LS, EV 91.3 MPH)
Barry Larkin to third
Batting: RHB Randy Milligan 0-0: Called Strike
0-1: Fly out, F2 (Popup, 23F, EV 79.4 MPH)
Batting: RHB Tony Eusebio 0-0: Foul Ball, location: 2F
0-1: Ball
1-1: Ball
2-1: Swinging Strike
2-2: Foul Ball, location: 2F
2-2: SINGLE (Groundball, 15S, EV 66.9 MPH) (infield hit)
Barry Larkin scores
Richard Hidalgo to second
Batting: RHB Andruw Jones 0-0: Foul Ball, location: 2F
0-1: Ball
1-1: Ball
2-1: Swinging Strike
2-2: Strikes out looking
Bottom of the 6th over - 3 runs, 4 hits, 0 errors, 2 left on base; Florida 5 - Kansas City 3
TOP OF THE 7TH
Florida Marlins batting - Pitching for Kansas City Royals : RHP Steve Woodard
Batting: RHB Tony Barron 0-0: Called Strike
0-1: Ball
1-1: Foul Ball, location: 2F
1-2: Strikes out swinging
Batting: SHB Luis Castillo 0-0: Ball
1-0: Called Strike
1-1: Ground out 6-3 (Groundball, 6, EV 84.4 MPH)
Batting: LHB Craig Counsell 0-0: Swinging Strike
0-1: Ball
1-1: Ball
2-1: Foul Ball, location: 2F
2-2: Strikes out swinging
Top of the 7th over - 0 runs, 0 hits, 0 errors, 0 left on base; Florida 5 - Kansas City 3
BOTTOM OF THE 7TH
Kansas City Royals batting - Pitching for Florida Marlins : LHP Wilson Alvarez
Batting: RHB Tim Naehring 0-0: Called Strike
0-1: Foul Ball, location: 2F
0-2: Ball
1-2: Foul Ball, location: 2F
1-2: Strikes out looking
Batting: RHB Reggie L. Sanders 0-0: Foul Ball, location: 2F
0-1: Ball
1-1: Foul Ball, location: 2F
1-2: Ball
2-2: Strikes out swinging
Batting: SHB Quilvio Veras 0-0: Ball
1-0: Called Strike
1-1: Ball
2-1: Ball
3-1: Base on Balls
Batting: RHB Barry Larkin 0-0: Ball
1-0: Called Strike
Quilvio Veras is caught stealing 2nd base 2-4
Bottom of the 7th over - 0 runs, 0 hits, 0 errors, 0 left on base; Florida 5 - Kansas City 3
TOP OF THE 8TH
Florida Marlins batting - Pitching for Kansas City Royals : RHP Steve Woodard
Batting: RHB Charles Johnson 0-0: Foul Ball, location: 2F
0-1: SOLO HOME RUN (Flyball, 7D, EV 104.4 MPH), Distance : 378 ft
Pitching: LHP Kevin Rogers
Batting: RHB Richie Sexson 0-0: Ball
1-0: Ball
2-0: Ball
3-0: Base on Balls
Batting: RHB Juan Encarnacion 0-0: Ball
1-0: Foul Ball, location: 2F
1-1: Grounds into double play, 5-4-3 (Groundball, 5, EV 81.9 MPH)
Batting: RHB Rondell White 0-0: Ball
1-0: Foul Ball, location: 2F
1-1: Ball
2-1: Swinging Strike
2-2: SINGLE (Line Drive, 8RS, EV 108.8 MPH)
Batting: SHB Bobby Bonilla 0-0: Ball
1-0: Fly out, F4 (Popup, 4M, EV 59.4 MPH)
Top of the 8th over - 1 run, 2 hits, 0 errors, 1 left on base; Florida 6 - Kansas City 3
BOTTOM OF THE 8TH
Kansas City Royals batting - Pitching for Florida Marlins : LHP Wilson Alvarez
Batting: RHB Barry Larkin 0-0: Foul Ball, location: 2F
0-1: Ball
1-1: Ball
2-1: Foul Ball, location: 2F
2-2: Ball
3-2: Fly out, F7 (Flyball, 7S, EV 72.5 MPH)
Batting: LHB Jim Thome 0-0: Called Strike
0-1: Swinging Strike
0-2: Ball
1-2: Foul Ball, location: 2F
1-2: Foul Ball, location: 2F
1-2: SINGLE (Groundball, 56D, EV 98.1 MPH)
Pitching: RHP Bryan Harvey
Batting: RHB Richard Hidalgo 0-0: Fly out, F8 (Flyball, 8RS, EV 90.6 MPH)
Batting: RHB Randy Milligan 0-0: Called Strike
0-1: Foul Ball, location: 2F
0-2: Strikes out swinging
Bottom of the 8th over - 0 runs, 1 hit, 0 errors, 1 left on base; Florida 6 - Kansas City 3
TOP OF THE 9TH
Florida Marlins batting - Pitching for Kansas City Royals : LHP Kevin Rogers
Batting: RHB Edgardo Alfonzo 0-0: Called Strike
0-1: Ball
1-1: Ball
2-1: Foul Ball, location: 2F
2-2: Ball
3-2: Foul Ball, location: 2F
3-2: Fly out, F3 (Popup, 3, EV 63.8 MPH)
Batting: RHB Tony Barron 0-0: Ball
1-0: Ball
2-0: Ball
3-0: Base on Balls
Batting: SHB Luis Castillo 0-0: Called Strike
0-1: Swinging Strike
0-2: Ball
1-2: Ball
2-2: Strikes out swinging
Batting: LHB Craig Counsell 0-0: Ball
1-0: Ball
2-0: TRIPLE (Flyball, 89XD, EV 100.6 MPH)
Tony Barron scores
Batting: RHB Charles Johnson 0-0: Ball
1-0: Swinging Strike
1-1: Called Strike
1-2: Strikes out swinging
Top of the 9th over - 1 run, 1 hit, 0 errors, 1 left on base; Florida 7 - Kansas City 3
BOTTOM OF THE 9TH
Kansas City Royals batting - Pitching for Florida Marlins : RHP Bryan Harvey
Batting: RHB Tony Eusebio 0-0: Ball
1-0: Ball
2-0: Ball
3-0: Called Strike
3-1: Ground out 1-3 (Groundball, P, EV 89.4 MPH)
Batting: RHB Andruw Jones 0-0: Fly out, F3 (Popup, 23F, EV 85.0 MPH)
Batting: RHB Tim Naehring 0-0: Fly out, F3 (Popup, 3, EV 78.8 MPH)
Bottom of the 9th over - 0 runs, 0 hits, 0 errors, 0 left on base; Florida 7 - Kansas City 3
Friday, February 13th, 2026 - OOTP Baseball 20.8 Build 74